 Dungeon Crawl Stone Soup version 0.18-a0-1070-gd466a24 (webtiles) character file.

25 Reinor the Sneak (level 2, 0/12 HPs)
             Began as a Felid Transmuter on Jan 13, 2016.
             Slain by a bat (1 damage)
             ... on level 2 of the Dungeon.
             The game lasted 00:03:39 (768 turns).

Reinor the Sneak (Felid Transmuter)                  Turns: 768, Time: 00:03:39

Health: 0/12       AC:  1    Str:  6    XL:     2   Next: 82%
Magic:  6/6        EV: 17    Int: 14    God:
Gold:   29         SH:  0    Dex: 16    Spells: 1 memorised, 4 levels left
                                        Lives:  0   Deaths: 0

rFire  . . .     SeeInvis +       - Unarmed
rCold  . . .     Gourm    .     (armour unavailable)
rNeg   . . .     Faith    .     (shield unavailable)
rPois  .         Spirit   .     (helmet unavailable)
rElec  .         Dismiss  .     (cloak unavailable)
rCorr  .         Reflect  .     (gloves unavailable)
SustAt .         Harm     .     (boots unavailable)
MR     .....                    (no amulet)
Stlth  +++.......               (no ring)
                                (no ring)

@: drained, quick, not resistant to hostile enchantments, fairly stealthy
A: no armour, no weapons or thrown items, claws 1, fangs 3, see invisible,
carnivore 3, speed 1, shaggy fur 1, slow metabolism 1, sharp paws
a: no special abilities


You were on level 2 of the Dungeon.
You were completely stuffed.

You visited 1 branch of the dungeon, and saw 2 of its levels.

You collected 29 gold pieces.

Inventory:

Missiles
 a - 12 arrows
Scrolls
 f - a scroll of teleportation
 g - a scroll of remove curse
Potions
 i - 3 potions of curing
Books
 b - a book of Changes

   Spells                             Type                      Level
   a - Beastly Appendage              Transmutation                1
   b - Sticks to Snakes               Transmutation                2
   c - Spider Form                    Transmutation/Poison         3
   d - Ice Form                       Ice/Transmutation            4
   e - Blade Hands                    Transmutation                5
Comestibles
 c - a meat ration
 d - 3 chunks of flesh
 j - a slice of pizza


   Skills:
 - Level 1.0(0.2) Fighting
 - Level 2.6(1.9) Dodging
 * Level 3.8(3.0) Stealth
 - Level 3.0(2.2) Unarmed Combat
 - Level 2.0(1.2) Spellcasting
 - Level 2.1(1.4) Transmutations


You had 4 spell levels left.
You knew the following spells:

 Your Spells              Type           Power        Failure   Level  Hunger
a - Beastly Appendage     Trmt           #.....       17%         1    ##.....


Dungeon Overview and Level Annotations

Branches:
Dungeon (2/15)

Altars:
Yredelemnul


Innate Abilities, Weirdness & Mutations

You cannot wear armour.
You are incapable of wielding weapons or throwing items.
You have sharp claws.
You have razor-sharp teeth.
You have supernaturally acute eyesight.
You are carnivorous and can eat meat at any time.
You cover ground quickly.
You are covered in fur (AC +1).
You have a slow metabolism.
Your sharp claws are effective at attacking unaware monsters.


Message History

You feel drained.
You scratch the kobold but do no damage.
The kobold hits you with a whip of draining.
You feel drained.
You scratch the kobold. Your bite misses the kobold.
The kobold is severely wounded.
You scratch the kobold but do no damage.
The kobold is severely wounded.
The kobold hits you with a whip of draining.
* * * LOW HITPOINT WARNING * * *
You feel drained.
You scratch the kobold but do no damage.
The kobold is severely wounded.
The kobold misses you.
You barely miss the kobold. You bite the kobold, but do no damage.
The kobold is severely wounded.
The kobold closely misses you. The bat closely misses you. The bat hits you.
You die...

###########
#....)....#
#.........#
#.........#####
#.............
##..K.b....#(#
#......@.....#
#######
##.#######..#.......
....(.. #..#
#.##.......
.......##.########<#
.....##
.......>..#...#....#
.#.###
........<#...>.....#
.._.
#....##.............
.# #.
#.....)%............
.# ..
#....................


You could see a bat and a kobold.

Vanquished Creatures
  A giant gecko (D:1)
  4 giant cockroaches
  5 goblins (D:1)
  3 hobgoblins (D:1)
  A bat (D:1)
  A giant newt (D:1)
  4 kobolds
  A rat (D:1)
20 creatures vanquished.

Notes
Turn   | Place    | Note
--------------------------------------------------------------
     0 | D:1      | Reinor the Felid Transmuter began the quest for the Orb.
     0 | D:1      | Reached XP level 1. HP: 9/9 MP: 4/4
    23 | D:1      | Reached skill level 1 in Stealth
   132 | D:1      | Reached XP level 2. HP: 12/12 MP: 6/6
   721 | D:2      | Found a basalt altar of Yredelemnul.
   768 | D:2      | Slain by a bat

Vault maps used:
D:1:      mushboom_english_gardens, minivault_4, kennysheep_flooded_box,
          hangedman_decor_slide_cut
D:2:      lemuel_crystal_altar, first_bread, kennysheep_jessica_study

Action                   || total
-------------------------++-------
Melee: Unarmed           ||    48
 Cast: Beastly Appendage ||     1
  Use: Scroll            ||     4
 Stab: Sleeping          ||     7
  Eat: Chunk             ||     7
